 Dungeon Crawl Stone Soup version 0.26-a0-1205-g4083c211ab (webtiles) character file.

Game seed: 9524729052219015322

1430 CurlyBrace the Sneak (level 8, 19/40 HPs)
             Began as a Felid Delver on Dec 29, 2020.
             Quit the game on level 4 of the Dungeon.
             The game lasted 00:24:02 (1642 turns).

CurlyBrace the Sneak (Felid Delver)                 Turns: 1642, Time: 00:24:03

Health: 19/40      AC:  2    Str:  8    XL:     8   Next: 45%
Magic:  10/10      EV: 23    Int: 13    God:
Gold:   159        SH:  0    Dex: 18    Spells: 7/9 levels left
                                        Lives:  1   Deaths: 1

rFire    . . .     SeeInvis +     - Unarmed
rCold    . . .     Faith    .   (shield unavailable)
rNeg     . . .     Spirit   .   (armour unavailable)
rPois    .         Reflect  .   (helmet unavailable)
rElec    .         Harm     .   (cloak unavailable)
rCorr    .         Rampage  .   (gloves unavailable)
Will     +....                  (boots unavailable)
Stlth    ++++......             (no amulet)
HPRegen  0.13/turn              (no ring)
MPRegen  0.12/turn              (no ring)

@: quick
A: very small, no armour, no weapons or thrown items, stealth, claws 1, fangs 3,
see invisible, speed 1, shaggy fur 2, sharp paws
a: no special abilities


You were on level 4 of the Dungeon.
You visited 1 branch of the dungeon, and saw 6 of its levels.

You collected 159 gold pieces.

Inventory:

Jewellery
 j - an uncursed ring of fire {unknown}
Wands
 d - a wand of polymorph (2)
 e - a wand of digging (1)
 g - a wand of flame (13)
Scrolls
 a - a scroll of identify
 b - a scroll of remove curse
 c - 2 scrolls of fear
 f - a scroll of noise
 h - a scroll of fog
 i - a scroll of teleportation


   Skills:
 - Level 7.0 Fighting
 - Level 7.0 Dodging
 - Level 7.0 Stealth
 - Level 7.0 Unarmed Combat
 - Level 1.0 Spellcasting
 - Level 1.0 Summonings
 + Level 1.6 Evocations


You had 7 spell levels left.
You knew the following spells:

 Your Spells              Type           Power        Failure   Level
a - Call Imp              Summ           3%           28%         2

Your spell library contained the following spells:

 Spells                   Type           Power        Failure   Level
 Summon Small Mammal      Summ           12%          19%         1
 Call Canine Familiar     Summ           3%           50%         3
 Summon Guardian Golem    Hex/Summ       1%           56%         3
 Summon Ice Beast         Ice/Summ       1%           92%         4
 Summon Lightning Spire   Summ/Air       1%           92%         4


Dungeon Overview and Level Annotations

Branches:
Dungeon (8/15)
 Temple: D:4-7         Lair: D:8-11

Altars:
Fedhas
Qazlal
Vehumet
Xom
Zin
The Shining One

Annotations:
D:5 Sigmund
D:7 Crazy Yiuf, Joseph


Innate Abilities, Weirdness & Mutations

You cannot wear armour.
You are incapable of wielding weapons or throwing items.
Your paws allow you to move quietly. (Stealth)
You have sharp claws.
You have razor-sharp teeth.
You have supernaturally acute eyesight. (SInv)
You cover ground quickly.
You are covered in thick fur. (AC +2)
Your sharp claws are effective at attacking unaware monsters.


Message History

You climb upwards.
A quokka comes into view.
There is a stone staircase leading down here.
You aren't carrying any potions.
Okay, then.
You closely miss the quokka. The quokka completely misses you.
You miss the quokka. The quokka misses you.
You scratch the quokka.
The quokka is moderately wounded.
The quokka completely misses you. The ogre barely misses you.
You closely miss the quokka.
The quokka is moderately wounded.
The quokka barely misses you.
You closely miss the quokka.
The quokka is moderately wounded.
The quokka completely misses you. The ogre completely misses you.
You claw the quokka!
You kill the quokka!
The ogre completely misses you.
Are you sure you want to abandon this character and quit the game? (Confirm with "yes".)

##.# #.# #...# ###.......##
#...##.########...####.........##
. #................>.'.........'.
.###...########...####.........##
..#..### #..## ##.......## #...##
#.## ##.....## ##.## #O# ##...##
#.# ##.## ##'# #.# #..@# #.# #.#
#.#.#########.# #.#
#...........#.## #.# ###..#
#....##### #.#
#...######.....#... ##.#
#.......##....##... ...#
#.<.###.##)#.#..... ####
###..............#.
##########.#.....


You could see an ogre.

Vanquished Creatures
  Pikel (D:4)
  Menkaure (D:4)
  2 ogres
  2 centaurs (D:7)
  2 bullfrogs (D:7)
  2 howler monkeys
  A bullfrog zombie (D:7)
  2 orc priests
  3 orc wizards
  An iguana (D:6)
  7 worker ants
  A hound skeleton (D:5)
  Robin (D:4)
  2 adders
  3 ufetubi
  An adder zombie (D:5)
  An adder skeleton (D:5)
  A worm (D:6)
  13 orcs
  A ball python (D:4)
  A giant cockroach (D:4)
  8 goblins (D:4)
  2 hobgoblins
  2 jackals
  4 quokkas (D:4)
  3 frilled lizards
  A jackal skeleton (D:6)
  A quokka skeleton (D:7)
70 creatures vanquished.

Vanquished Creatures (others)
  A goblin (D:4)
  6 plants (D:6)
7 creatures vanquished.

Grand Total: 77 creatures vanquished

Notes
Turn   | Place    | Note
-------+----------+-------------------------------------------
     0 | D:5      | CurlyBrace the Felid Delver began the quest for the Orb.
     0 | D:5      | Reached XP level 1. HP: 10/10 MP: 2/2
    37 | D:6      | Noticed a worker ant
    40 | D:6      | Killed a worker ant
    41 | D:6      | Reached XP level 2. HP: 8/14 MP: 3/3
   111 | D:6      | Reached XP level 3. HP: 13/17 MP: 4/4
   162 | D:6      | Found a shimmering altar of Xom.
   272 | D:6      | Reached XP level 4. HP: 19/21 MP: 5/5
   298 | D:7      | Found a runed translucent door.
   299 | D:7      | Noticed Crazy Yiuf
   363 | D:6      | Noticed a bullfrog
   390 | D:6      | Noticed an orc warrior
   466 | D:6      | You fall into a shaft and drop 1 floor!
   467 | D:7      | Noticed a centaur
   467 | D:7      | Killed a centaur
   468 | D:7      | Reached XP level 5. HP: 9/25 MP: 6/6
   485 | D:7      | Noticed an ogre
   486 | D:7      | Found a stormy altar of Qazlal.
   492 | D:7      | Killed an ogre
   500 | D:7      | Gained mutation: You are covered in thick fur. (AC +2)
                  | [Felid growth]
   500 | D:7      | Reached XP level 6. HP: 12/29 MP: 7/7
   556 | D:7      | Noticed Joseph
   566 | D:7      | Shot with a sling bullet by Joseph
   567 | D:7      | Reached XP level 5. HP: -5/25 MP: 6/6
   575 | D:7      | Learned a level 2 spell: Call Imp
   597 | D:7      | Noticed a centaur
   600 | D:7      | Killed a centaur
   619 | D:7      | Reached XP level 6. HP: 19/30 MP: 6/8
   624 | D:7      | Reached skill level 1 in Summonings
   636 | D:7      | Reached skill level 5 in Fighting
   636 | D:7      | Reached skill level 5 in Dodging
   636 | D:7      | Reached skill level 5 in Unarmed Combat
   636 | D:7      | Reached skill level 1 in Spellcasting
   691 | D:6      | Found a blossoming altar of Fedhas.
   691 | D:6      | Found a glowing silver altar of Zin.
   753 | D:4      | Reached XP level 7. HP: 21/33 MP: 9/9
   929 | D:3      | Found a radiant altar of Vehumet.
   937 | D:4      | Noticed Pikel
   951 | D:4      | Killed Pikel
  1007 | D:4      | Noticed Menkaure
  1010 | D:4      | Killed Menkaure
  1011 | D:4      | Reached XP level 8. HP: 24/39 MP: 10/10
  1048 | D:4      | Noticed Robin
  1094 | D:4      | Killed Robin
  1184 | D:4      | Reached skill level 1 in Evocations
  1249 | D:5      | Noticed Eustachio
  1262 | D:5      | Noticed Eustachio
  1262 | D:5      | Eustachio changed into Eustachio the howler monkey
  1297 | D:5      | Killed Eustachio the howler monkey
  1418 | D:5      | Found a glowing golden altar of the Shining One.
  1509 | D:5      | Noticed Sigmund
  1642 | D:4      | Quit the game

Illustrated notes

Levels and vault maps discovered:
D:3:      layout_loops_cross, nicolae_overflow_hidden_temple,
          minmay_misc_feat_nine_boxes, serial_bayou_pond_b
D:4:      layout_loops_corners, uniq_robin, uniq_menkaure, uniq_pikel
D:5:      layout_cave_pools, kennysheep_little_box,
          fedhas_bush_and_centaur_altar, uniq_eustachio, uniq_sigmund
D:6:      wad_lake_hut, layout_basic, gammafunk_temple_overflow_wave,
          minmay_temple_entry_enclosed_plants, serial_shops,
          kennysheep_mini_moat, basic_altar
D:7:      minmay_opposing_rooms, layout_basic, basic_altar, the_bakery,
          uniq_harold, uniq_joseph, uniq_crazy_yiuf_cottage, uniq_maggie
D:8:      layout_basic, uniq_erica

Skill      XL: |  1  2  3  4  5  6  7  8 |
---------------+-------------------------+-----
Dodging        | 3 4 5 6 7 |  7.0
Stealth        | 7 |  7.0
Unarmed Combat | 3 4 5 6 7 |  7.0
Fighting       | 4 5 6 7 |  7.0
Summonings     | 1 |  1.0
Spellcasting   | 1 |  1.0
Evocations     | 1 |  1.6

Action                   |  1- 3 |  4- 6 |  7- 9 || total
-------------------------+-------+-------+-------++-------
Melee: Unarmed           |    15 |    43 |   135 ||   193
       Bite              |       |     4 |    10 ||    14
       Punch             |       |     1 |     2 ||     3
Evoke: Wand              |       |     5 |    12 ||    17
  Use: Scroll            |     3 |     2 |     2 ||     7
       Potion            |       |     1 |     2 ||     3
 Stab: Sleeping          |     6 |    10 |     7 ||    23
       Paralysed         |       |     2 |     3 ||     5
       Confused          |       |       |     1 ||     1
Armor: Skin              |       |       |    16 ||    16
Dodge: Dodged            |     7 |    37 |   122 ||   166

Table legend: (Time is in decaauts)
 A = Elapsed time spent in this place.
 B = Non-inter-level travel time spent in this place.
 C = Inter-level travel time spent in this place.
 D = Time resting spent in this place.
 E = Time spent auto-exploring this place.
 F = Levels seen in this place.
 G = Mean time per level.
                   A        B        C        D        E       F      G
               +--------+--------+--------+--------+--------+-----+--------+
         Total |   1328 |   1308 |     20 |      0 |      0 |   6 |  221.3 |
       Dungeon |   1328 |   1308 |     20 |      0 |      0 |   6 |  221.3 |
               +--------+--------+--------+--------+--------+-----+--------+

Top non-repeatable levels by time:
     D:4: 490 daAuts
     D:6: 352 daAuts
     D:5: 249 daAuts
     D:7: 203 daAuts
     D:3: 22 daAuts
     D:8: 10 daAuts
